AoeStats
← 987588372

Arena

510101982Analyzed
4v4 RM · 3d ago on Sep 29, 2026· 39m 18s· 8 players
Game mode
Random Map
Map size
Large (8 player)
Population
200
Speed
Normal
Resources
Standard
Victory
Conquest
Starting age
Dark Age
Ending age
Imperial Age
RankedLock teamsTeams togetherTeam positionsShared explorationLock speedFull tech treeHidden civsTurbo modeCheats
Victory
Defeat
🇨🇦 Hindustanis · Canada
1204
+12
🇮🇳 Bohemians · India
1165
+31
🇷🇺 Vietnamese · Russia
1144
+14
🇹🇼 Malians · Taiwan
1143
+15
🇨🇳 Cumans · China
1177
-16
🇨🇳 Spanish · China
1100
-13
🇨🇳 Inca · China
1089
-38
🇬🇧 Teutons · United Kingdom
1088
-13
[-----3cm-----]
9:55 Feudal Age
12:26 Double-Bit Axe
14:59 Castle Age
13:32 Horse Collar
26:49 Gold Mining
30:39 Imperial Age
28:46 Wheelbarrow
28:42 Fletching
28:53 Stone Mining
29:20 Bodkin Arrow
29:43 Hand Cart
29:19 Town Watch
29:52 Bow Saw
30:33 Ballistics
30:20 Padded Archer Armor
31:03 Stone Shaft Mining
30:17 Loom
30:42 Heavy Plow
31:01 Thumb Ring
31:02 Treadmill Crane
31:25 Bracer
32:40 Chemistry
33:02 Two-Man Saw
32:38 Town Patrol
33:44 Crop Rotation
33:11 Elite Rattan Archer
34:54 Paper Money
35:21 Leather Archer Armor
35:51 Pikeman
37:13 Halberdier
38:18 Scale Mail Armor
38:21 Squires
elsuum_93
11:21 Feudal Age
14:52 Castle Age
13:03 Double-Bit Axe
13:04 Horse Collar
15:45 Bow Saw
19:50 Wheelbarrow
20:54 Hand Cart
24:00 Loom
25:47 Bloodlines
25:37 Husbandry
26:26 Scale Barding Armor
27:30 Town Watch
27:53 Stone Mining
27:54 Gold Mining
31:01 Imperial Age
29:01 Chain Barding Armor
30:22 Forging
31:51 Iron Casting
31:15 Heavy Camel Rider
33:03 Town Patrol
33:07 Scale Mail Armor
33:44 Plate Barding Armor
34:10 Blast Furnace
33:36 Imperial Camel Rider
34:50 Conscription
34:37 Grand Trunk Road
36:18 Padded Archer Armor
36:08 Fletching
ArtherRen
10:23 Feudal Age
14:26 Castle Age
13:02 Double-Bit Axe
14:17 Bloodlines
23:05 Horse Collar
24:33 Wheelbarrow
25:48 Fletching
26:26 Ballistics
29:35 Imperial Age
27:35 Bow Saw
27:50 Stone Mining
27:54 Gold Mining
27:37 Elite Skirmisher
28:50 Husbandry
29:38 Fortified Wall
29:13 Pikeman
30:22 Forging
30:15 Scale Mail Armor
29:56 Cavalier
30:47 Scale Barding Armor
32:09 Iron Casting
33:10 Conscription
35:00 Chain Barding Armor
36:51 Plate Barding Armor
37:41 Farimba
37:51 Heavy Plow
38:08 Light Cavalry
笨狸特爱吃
10:10 Feudal Age
13:45 Castle Age
12:05 Double-Bit Axe
12:07 Horse Collar
15:18 Wheelbarrow
15:30 Fervor
21:08 Loom
21:56 Fletching
24:38 Hand Cart
29:22 Imperial Age
28:13 Padded Archer Armor
29:20 Chemistry
28:50 Ballistics
28:36 Heavy Plow
28:47 Bow Saw
28:56 Town Watch
28:49 Elite Skirmisher
29:57 Leather Archer Armor
29:39 Bodkin Arrow
30:59 Conscription
30:47 Wagenburg Tactics
31:20 Ring Archer Armor
31:17 Bracer
30:56 Imperial Skirmisher
32:40 Ring Archer Armor
32:10 Pikeman
32:51 Scale Mail Armor
32:58 Squires
34:37 Two-Man Saw
34:07 Forging
33:23 Halberdier
35:01 Chain Mail Armor
36:28 Siege Engineers
37:17 Plate Mail Armor
38:36 Iron Casting
38:41 Houfnice
YuangXue
10:18 Feudal Age
11:06 Double-Bit Axe
14:20 Castle Age
13:06 Horse Collar
24:19 Padded Archer Armor
29:51 Leather Archer Armor
30:41 Bow Saw
30:35 Husbandry
31:14 Bloodlines
33:23 Scale Barding Armor
33:36 Gold Mining
35:36 Chain Barding Armor
35:27 Forging
36:28 Wheelbarrow
39:26 Imperial Age
SAOWEN
9:11 Feudal Age
10:30 Double-Bit Axe
11:43 Horse Collar
16:40 Town Watch
17:34 Wheelbarrow
21:15 Castle Age
19:22 Gold Mining
20:01 Scale Barding Armor
20:09 Bloodlines
20:43 Forging
20:33 Loom
22:24 Hand Cart
22:11 Heavy Plow
22:24 Bow Saw
22:52 Gold Shaft Mining
24:03 Chain Barding Armor
23:25 Capped Ram
24:08 Capped Ram
26:58 Iron Casting
31:56 Imperial Age
33:46 Plate Barding Armor
34:12 Blast Furnace
33:01 Cavalier
34:00 Elite Steppe Lancer
37:01 Chemistry
36:21 Ballistics
35:55 Fletching
36:06 Padded Archer Armor
36:45 Cuman Mercenaries
37:06 Conscription
37:21 Conscription
37:36 Steppe Husbandry
37:26 Elite Kipchak
38:23 Bodkin Arrow
38:43 Leather Archer Armor
987588372
8:18 Loom
11:45 Feudal Age
13:38 Horse Collar
14:21 Double-Bit Axe
15:55 Wheelbarrow
16:06 Gold Mining
16:16 Stone Mining
20:53 Forging
22:48 Castle Age
24:24 Bow Saw
24:17 Heavy Plow
25:51 Stone Shaft Mining
25:56 Gold Shaft Mining
27:59 Forging
27:50 Scale Mail Armor
29:18 Hand Cart
29:47 Fletching
29:57 Padded Archer Armor
31:02 Squires
30:49 Arson
31:04 Bodkin Arrow
31:25 Leather Archer Armor
31:16 Town Watch
31:39 Champi Runner
32:54 Town Patrol
33:33 Andean Sling
33:35 Champi Warrior
34:53 Iron Casting
34:34 Chain Mail Armor
35:11 Thumb Ring
34:34 Crossbowman
40:26 Imperial Age
38:27 Elite Skirmisher
K
11:01 Feudal Age
11:08 Loom
13:52 Fletching
22:03 Castle Age
24:13 Double-Bit Axe
24:20 Gold Mining
26:19 Bow Saw
33:00 Imperial Age
30:31 Horse Collar
30:45 Elite Skirmisher
31:41 Forging
31:31 Scale Mail Armor
33:37 Bodkin Arrow
34:06 Padded Archer Armor
39:31 Chemistry
Connection lost

Rejoining the realm…

Still unreachable

The connection could not be restored.

Session expired

The server has moved on; the page needs a fresh start.